 Dungeon Crawl Stone Soup version 0.23.0-3-gf3c87f2 (webtiles) character file.

Game seed: 18281926417825459532

2502 inmateoo the Basher (level 9, 0/57 HPs)
             Began as a Gargoyle Chaos Knight on Feb 21, 2019.
             Was a Plaything of Xom.
             Slain by Menkaure (12 damage)
             ... on level 7 of the Dungeon.
             The game lasted 00:08:18 (5552 turns).

inmateoo the Basher (Gargoyle Chaos Knight)         Turns: 5552, Time: 00:08:18

Health: 0/57       AC: 20    Str: 19    XL:     9   Next: 53%
Magic:  9/9        EV:  9    Int: 13    God:    Xom [..*...]
Gold:   351        SH:  0    Dex: 11    Spells: 8/8 levels left

rFire    . . .     SeeInvis .   j - +1 morningstar (holy)
rCold    + . .     Gourm    .   (no shield)
rNeg     + + .     Faith    .   i - +1 chain mail
rPois    ∞         Spirit   .   e - +0 helmet
rElec    +         Reflect  .   (no cloak)
rCorr    .         Harm     .   s - +0 pair of gloves
MR       .....                  (no boots)
Stlth    ..........             (no amulet)
HPRegen  0.19/turn              b - ring of protection from cold
MPRegen  0.11/turn              u - ring of positive energy

@: no status effects
A: thin skeletal structure 1, negative energy resistance 1, electricity
resistance, unbreathing, evolution 1, petrification resistance, rot immunity, AC
+6
a: Renounce Religion


You were on level 7 of the Dungeon.
You worshipped Xom.
You were a toy of Xom.
You were not hungry.

You visited 1 branch of the dungeon, and saw 7 of its levels.

You collected 351 gold pieces.

Inventory:

Hand Weapons
 a - a +0 mace of chaos
 j - a +1 morningstar of holy wrath (weapon)
Armour
 e - a +0 helmet (worn)
 i - a +1 chain mail (worn)
 s - a +0 pair of gloves (worn)
Jewellery
 b - a ring of protection from cold (left hand)
 r - an uncursed ring of fire
 u - a ring of positive energy (right hand)
Wands
 f - a wand of iceblast (7)
 k - a wand of random effects (16)
Scrolls
 d - 9 scrolls of identify
 h - 5 scrolls of remove curse
 l - 3 scrolls of enchant armour
 o - 2 scrolls of amnesia
 p - 3 scrolls of teleportation
 w - a scroll of fog {unknown}
 y - a scroll of enchant weapon
Potions
 g - 3 potions of cancellation
 m - 3 potions of agility
 n - 5 potions of curing
 q - a potion of mutation
 t - a potion of heal wounds
 v - 2 potions of lignification {unknown}
Comestibles
 c - 13 rations
 x - a chunk of flesh


   Skills:
 + Level 7.0 Fighting
 * Level 8.6 Maces & Flails
 + Level 6.4 Armour
 + Level 4.6 Dodging


You had 8 spell levels left.
You didn't know any spells.
Your spell library contained the following spells:

 Spells                   Type           Power        Failure   Level  Hunger
 Beastly Appendage        Tmut           #.....       96%         1    ##.....
 Corona                   Hex            #......      96%         1    ##.....
 Ensorcelled Hibernation  Hex/Ice        #.....       99%         2    ###....
 Sticks to Snakes         Tmut           #.......     99%         2    ###....
 Confuse                  Hex            #.......     100%        3    ####...
 Dazzling Spray           Conj/Hex       #.....       100%        3    ####...
 Spider Form              Tmut/Pois      #.........   100%        3    ####...
 Tukima's Dance           Hex            #.......     100%        3    ####...
 Ice Form                 Ice/Tmut       #.......     100%        4    #####..
 Blade Hands              Tmut           #.........   100%        5    ######.


Dungeon Overview and Level Annotations

Branches:
Dungeon (7/15)             Temple (0/1) D:7

Altars:
Ashenzari
Elyvilon
Gozag
Okawaru
Sif Muna
Vehumet
Wu Jian
Xom

Annotations:
D:7 Menkaure


Innate Abilities, Weirdness & Mutations

You are resistant to torment.
Your stone body is resilient. (AC +6)
You are immune to poison.
You resist negative energy. (rN+)
You are resistant to electric shocks. (rElec)
You can survive without breathing.
You are immune to petrification.
You are immune to rotting.
You have a somewhat thin skeletal structure. (Dex +2, Stealth)
You evolve.


Message History

You hit Menkaure.
Menkaure convulses.
Menkaure is moderately damaged.
Menkaure hits you but does no damage.
You barely miss Menkaure.
Menkaure is moderately damaged.
Menkaure closely misses you.
Your chain mail prevents you from hitting Menkaure.
Menkaure is moderately damaged.
Menkaure hits you.
You hit Menkaure.
Menkaure convulses.
Menkaure is heavily damaged.
Menkaure barely misses you. Menkaure hits you!
* * * LOW HITPOINT WARNING * * *
A shower of butterflies erupts from you!
You are too injured to fight recklessly!
You closely miss Menkaure.
Menkaure is heavily damaged.
Menkaure hits you!
You die...
Xom roars with laughter!

#..........#......###.#.
#.#<......##......'...#.
*#.#####....#......#####.
*..,,,....#.#......# #.
### ###.##.#......# #.
#... .#......# #.
#..####......# ###.
##.M.....#'######...
#.b@######..........
#.bb# #.........##
#..b#####.#....)....
###.#........###....
#.#.#........#.###
#.#.#....|<#.#.#
#.#.#.#.#..#'#.#
#.#.....(......#
#.#####........#


You could see Menkaure.

Vanquished Creatures
  Prince Ribbit (D:6)
  Sigmund (D:3)
  A hungry ghost (D:7)
  An orc warrior (D:7)
  A sky beast (D:7)
  An ogre (D:5)
  A phantom (D:5)
  2 centaurs
  A crocodile (D:7)
  3 bullfrogs (D:7)
  2 scorpions
  A wight (D:7)
  2 crimson imps
  A centaur zombie (D:7)
  4 hounds
  3 orc priests
  2 bullfrog skeletons (D:7)
  A centaur skeleton (D:5)
  2 orc wizards (D:4)
  Jessica (D:2)
  Terence (D:2)
  5 worker ants
  Robin (D:2)
  6 gnolls
  8 adders
  2 shadow imps
  5 oozes
  An adder zombie (D:6)
  2 adder skeletons (D:4)
  6 worms
  2 dart slugs
  5 leopard geckos
  11 orcs
  A ball python (D:3)
  7 bats
  3 giant cockroaches (D:2)
  18 goblins
  13 hobgoblins
  5 jackals
  10 kobolds
  8 quokkas
  2 frilled lizards
  A leopard gecko skeleton (D:4)
  6 rats
161 creatures vanquished.

Vanquished Creatures (collateral kills)
  A water moccasin (D:1)
  An orc priest (D:3)
  A worm (D:1)
  An orc (D:3)
4 creatures vanquished.

Vanquished Creatures (others)
  An orc wizard (D:5)
  A gnoll (D:2)
2 creatures vanquished.

Grand Total: 167 creatures vanquished

Notes
Turn   | Place    | Note
-------+----------+-------------------------------------------
     0 | D:1      | inmateoo the Gargoyle Chaos Knight began the quest for the
                  | Orb.
     0 | D:1      | Reached XP level 1. HP: 14/14 MP: 1/1
   209 | D:1      | XOM: divination: detect creatures
   214 | D:1      | Reached skill level 1 in Dodging
   214 | D:1      | Reached XP level 2. HP: 19/19 MP: 2/2
   464 | D:1      | XOM: potion effect (agility)
   833 | D:2      | Reached XP level 3. HP: 19/23 MP: 3/3
   838 | D:2      | XOM: harmless Fire miscast
   902 | D:1      | Noticed a scorpion
   902 | D:1      | a worm changed into a scorpion
   909 | D:1      | XOM: cast spell 'Death Channel'
   914 | D:1      | Killed a scorpion
   914 | D:1      | Reached skill level 4 in Maces & Flails
   914 | D:1      | Reached XP level 4. HP: 8/29 MP: 4/4
  1091 | D:1      | XOM: harmless Tloc miscast
  1114 | D:2      | Found a white marble altar of Elyvilon.
  1145 | D:2      | Noticed a water moccasin
  1145 | D:2      | a worm changed into a water moccasin
  1146 | D:2      | XOM: noise
  1150 | D:2      | Noticed Terence
  1188 | D:2      | XOM: confuse monster(s)
  1319 | D:1      | XOM: silly message
  1376 | D:1      | XOM: confuse monster(s)
  1386 | D:1      | XOM: summons 3 friendly demons
  1388 | D:1      | Killed a water moccasin
  1388 | D:1      | Reached XP level 5. HP: 23/33 MP: 5/5
  1443 | D:1      | XOM: god gift: 2 tomahawks of returning
  1460 | D:2      | Killed Terence
  1460 | D:2      | Reached XP level 6. HP: 37/39 MP: 6/6
  1542 | D:2      | Found a shattered altar of Ashenzari.
  1552 | D:2      | Noticed Jessica
  1563 | D:2      | Killed Jessica
  1894 | D:2      | XOM: scenery: 1 doors close
  1894 | D:2      | Noticed Robin
  1899 | D:2      | Reached skill level 5 in Maces & Flails
  1908 | D:2      | XOM: smoke on damage
  1911 | D:2      | Killed Robin
  2254 | D:2      | XOM: give mutation
  2254 | D:2      | Gained mutation: You have a somewhat thin skeletal
                  | structure. (Dex +2, Stealth) [Xom's grace]
  2377 | D:2      | XOM: give mutation
  2377 | D:2      | Gained mutation: You evolve. [Xom's grace]
  2461 | D:3      | Found a deep blue altar of Sif Muna.
  2469 | D:3      | Found a shimmering altar of Xom.
  2607 | D:3      | Found an iron altar of Okawaru.
  2830 | D:3      | XOM: summons 1 hostile demon
  2923 | D:3      | Reached XP level 7. HP: 44/44 MP: 7/7
  2940 | D:3      | Noticed Sigmund
  2946 | D:3      | XOM: summons friendly quasit
  2964 | D:3      | XOM: noise
  2975 | D:3      | Killed Sigmund
  2975 | D:3      | Reached skill level 5 in Fighting
  3085 | D:3      | XOM: harmless Necr miscast
  3191 | D:4      | Found a radiant altar of Vehumet.
  3218 | D:4      | XOM: smoke on damage
  3293 | D:4      | XOM: butterfly on damage
  3323 | D:4      | XOM: polymorph orc -> river rat
  3333 | D:4      | XOM: 2-stop teleportation journey
  3365 | D:4      | Reached skill level 6 in Maces & Flails
  3771 | D:5      | Entered Level 5 of the Dungeon
  3870 | D:5      | XOM: divination: detect creatures
  3873 | D:5      | XOM: chaos upgrade
  3880 | D:5      | XOM: cleaving
  3884 | D:5      | Reached XP level 8. HP: 22/50 MP: 8/8
  3955 | D:5      | XOM: enchant monster (good)
  3981 | D:5      | XOM: divination: detect items
  3987 | D:5      | Reached skill level 5 in Armour
  4323 | D:5      | Found an ornate altar of the Wu Jian Council.
  4636 | D:6      | XOM: cloud trail
  4654 | D:6      | Reached skill level 7 in Maces & Flails
  4655 | D:6      | XOM: enchant monster (good)
  4721 | D:6      | Noticed Prince Ribbit
  4733 | D:6      | Killed Prince Ribbit
  4797 | D:6      | Found an opulent altar of Gozag.
  4972 | D:7      | XOM: confusion
  4980 | D:7      | Reached XP level 9. HP: 41/56 MP: 9/9
  4993 | D:7      | XOM: harmless Air miscast
  5004 | D:7      | XOM: enchant monster (good)
  5005 | D:7      | XOM: blink monster(s)
  5012 | D:7      | Reached skill level 8 in Maces & Flails
  5204 | D:7      | XOM: harmless Necr miscast
  5268 | D:7      | Noticed Menkaure
  5270 | D:7      | XOM: blink monster(s)
  5271 | D:7      | XOM: blink monster(s)
  5273 | D:7      | XOM: 5-stop teleportation journey
  5386 | D:7      | Found a staircase to the Ecumenical Temple.
  5418 | D:7      | XOM: god gift: chain mail {god gift}
  5541 | D:7      | XOM: divination: magic mapping
  5551 | D:7      | XOM: butterfly on damage
  5552 | D:7      | Slain by Menkaure

Skill      XL: |  1  2  3  4  5  6  7  8  9 |
---------------+----------------------------+-----
Dodging        | 1 2 3 4 |  4.6
Maces & Flails | 4 5 6 7 8 |  8.6
Armour         | 3 4 5 6 |  6.4
Fighting       | 4 5 6 7 |  7.0

Action                   |  1- 3 |  4- 6 |  7- 9 || total
-------------------------+-------+-------+-------++-------
Melee: Mace              |    64 |   264 |   133 ||   461
       Morningstar       |       |       |   168 ||   168
Evoke: Wand              |       |     6 |     7 ||    13
  Use: Potion            |       |     2 |     3 ||     5
       Scroll            |       |     7 |     6 ||    13
 Stab: Confused          |       |     2 |       ||     2
       Petrified         |       |     1 |     7 ||     8
       Petrifying        |       |       |     1 ||     1
       Paralysed         |       |       |    12 ||    12
  Eat: Chunk             |       |     7 |    14 ||    21
Armor: Leather armour    |    14 |       |       ||    14
       Chain mail        |    15 |   237 |   176 ||   428
Dodge: Dodged            |    38 |   137 |   130 ||   305
